 Dungeon Crawl Stone Soup version 0.26-a0-852-g6321bf7485 (webtiles) character file.

Game seed: 8003412257977141863

98 pablito the Chopper (level 4, -1/41 HPs)
             Began as a Hill Orc Monk on Nov 21, 2020.
             Slain by an ogre
             ... wielding a +0 giant club
              (17 damage)
             ... on level 2 of the Dungeon.
             The game lasted 00:07:07 (2597 turns).

pablito the Chopper (Hill Orc Monk)                 Turns: 2597, Time: 00:07:07

Health: -1/41      AC: 11    Str: 14    XL:     4   Next: 71%
Magic:  4/4        EV: 11    Int: 10    God:
Gold:   230        SH:  4    Dex: 16    Spells: 3/3 levels left

rFire    . . .     SeeInvis +   a - +0 hand axe
rCold    . . .     Faith    .   j - +0 buckler
rNeg     . . .     Spirit   .   k - +0 ring mail
rPois    .         Reflect  .   n - +0 helmet (curse)
rElec    .         Harm     .   u - +0 cloak
rCorr    .         Rampage  .   e - +2 pair of gloves {Dex+3}
MR       .....                  h - +0 pair of boots
Stlth    +.........             (no amulet)
HPRegen  0.13/turn              t - ring of see invisible
MPRegen  0.09/turn              (no ring)

@: no status effects
A: no striking features
a: no special abilities


You were on level 2 of the Dungeon.
You visited 1 branch of the dungeon, and saw 3 of its levels.

You collected 230 gold pieces.

Inventory:

Hand Weapons
 a - a +0 hand axe (weapon)
Missiles
 A - 19 poisoned darts (quivered)
Armour
 b - a +0 robe
 d - a +0 leather armour
 e - a +2 pair of gloves of dexterity (worn)
 h - a +0 pair of boots (worn)
 j - a +0 buckler (worn)
 k - a +0 ring mail (worn)
 n - a cursed +0 helmet (worn)
 u - a +0 cloak (worn)
Magical Staves
 q - an uncursed staff of earth
Jewellery
 s - an uncursed amulet of faith
 t - a ring of see invisible (left hand)
Wands
 p - a wand of disintegration (17)
Scrolls
 f - a scroll of identify
 g - 2 scrolls of random uselessness {unknown}
 i - a scroll of enchant armour {unknown}
 l - 2 scrolls of enchant weapon {unknown}
 o - a scroll of teleportation {unknown}
 y - a scroll of remove curse {unknown}
Potions
 c - 6 potions of curing {unknown}
 m - 2 potions of degeneration {unknown}
 r - a potion of magic {unknown}
 v - a potion of lignification {unknown}
 w - 2 potions of haste {unknown}
 x - a potion of mutation {unknown}
 z - a potion of heal wounds {unknown}


   Skills:
 + Level 4.5 Fighting
 + Level 4.9 Axes
 + Level 1.5 Armour
 - Level 2.5 Dodging
 - Level 1.8 Stealth
 + Level 1.7 Shields


You had 3 spell levels left.
You didn't know any spells.
Your spell library contained the following spells:

 Spells                   Type           Power        Failure   Level
 Sublimation of Blood     Necr           #.........   83%         2
 Ignite Poison            Fire/Tmut/Pois #.......     97%         3
 Petrify                  Tmut/Erth      #.......     100%        4
 Alistair's Intoxication  Tmut/Pois      #........    100%        5
 Irradiate                Conj/Tmut      #.........   100%        5
 Eringya's Noxious Bog    Tmut/Pois      #.........   100%        6


Dungeon Overview and Level Annotations

Branches:
Dungeon (3/15)

Altars:
Nemelex Xobeh
Xom
Yredelemnul
Zin


Message History

A kobold comes into view.
It is wielding a +1 trident of protection.
The kobold shouts!
The goblin throws a stone.
The stone hits you but does no damage.
You see here a stone.
The goblin throws a stone.
The stone barely misses you.
You see here a stone.
The kobold hits you with a +1 trident of protection.
You block the kobold's attack.
The kobold hits you from afar with a +1 trident of protection.
There is a stone staircase leading up here.
The kobold misses you. The ogre hits you with a +0 giant club!
* * * LOW HITPOINT WARNING * * *
You climb upwards.
There is a stone staircase leading down here.
There is an open door here.
You open the door. You block the ogre's attack.
There is an open door here.
There is a stone staircase leading down here.
The ogre hits you with a +0 giant club!
You die...

########.###........#
# #.....##........# #
#.....####....<####
#...>.............##
#.....########......
#.....# #......
#.....# #......
#.....# #......
#.O@..# #......
#.....# #......
##############...b..
#..........##
#..........##
#.......[..##
####.........
#......... #.........


You could see an ogre.

Vanquished Creatures
  3 adders
  An ooze (D:3)
  3 dart slugs
  3 leopard geckos
  4 orcs (D:3)
  10 bats
  2 giant cockroaches (D:3)
  3 hobgoblins
  2 jackals (D:3)
  3 kobolds
  3 frilled lizards
  11 goblins
  8 rats
  A butterfly (D:2)
57 creatures vanquished.

Notes
Turn   | Place    | Note
-------+----------+-------------------------------------------
     0 | D:1      | pablito the Hill Orc Monk began the quest for the Orb.
     0 | D:1      | Reached XP level 1. HP: 19/19 MP: 1/1
   336 | D:1      | Reached XP level 2. HP: 23/27 MP: 2/2
  1179 | D:2      | Reached XP level 3. HP: 33/33 MP: 3/3
  1261 | D:2      | Reached skill level 1 in Shields
  1430 | D:2      | Found a shimmering altar of Xom.
  1461 | D:2      | Reached skill level 1 in Armour
  1701 | D:2      | Found a basalt altar of Yredelemnul.
  1799 | D:2      | Reached XP level 4. HP: 39/40 MP: 4/4
  2293 | D:3      | Found a sparkling altar of Nemelex Xobeh.
  2425 | D:3      | Found a glowing silver altar of Zin.
  2483 | D:3      | Found a faded altar of an unknown god.
  2497 | D:3      | Noticed an ogre
  2597 | D:2      | Slain by an ogre

Illustrated notes

Levels and vault maps discovered:
D:1:      dpeg_arrival_central, layout_basic, bh_walls_and_bars
D:2:      layout_basic, lemuel_round_altar, xom_butterflies
D:3:      layout_rooms, general_overflow_altar,
          nemelex_xobeh_ov_fountains_minmay, chequers_ecumenical_altar_twisty

Skill      XL: |  1  2  3 |
---------------+----------+-----
Fighting       | 4 |  4.5
Shields        | 1 |  1.7
Armour         | 1 |  1.5
Axes           | |  4.9
Dodging        | |  2.5
Stealth        | |  1.8

Action                   |  1- 3 |  4- 6 || total
-------------------------+-------+-------++-------
Melee: Hand axe          |   122 |    84 ||   206
  Use: Scroll            |     2 |       ||     2
 Stab: Sleeping          |     6 |     1 ||     7
Armor: Leather armour    |    17 |       ||    17
       Robe              |     1 |       ||     1
       Ring mail         |    21 |    43 ||    64
Dodge: Dodged            |    67 |    50 ||   117
Block: Buckler           |    14 |    30 ||    44

Table legend: (Time is in decaauts)
 A = Elapsed time spent in this place.
 B = Non-inter-level travel time spent in this place.
 C = Inter-level travel time spent in this place.
 D = Time resting spent in this place.
 E = Time spent auto-exploring this place.
 F = Levels seen in this place.
 G = Mean time per level.
                   A        B        C        D        E       F      G
               +--------+--------+--------+--------+--------+-----+--------+
         Total |   2614 |   2581 |     33 |    470 |   1440 |   3 |  871.3 |
       Dungeon |   2614 |   2581 |     33 |    470 |   1440 |   3 |  871.3 |
               +--------+--------+--------+--------+--------+-----+--------+

Top non-repeatable levels by time:
     D:1: 1128 daAuts
     D:2: 897 daAuts
     D:3: 588 daAuts
